Maple Leafs vs Lightning
(R1)
Created - April 11, 2020 at 21:16
Goals
|
| Maple Leafs |
1 |
0 |
2 |
3 |
| Lightning |
2 |
2 |
0 |
4 |
|
Shots
|
| Maple Leafs |
6 |
7 |
4 |
17 |
| Lightning |
16 |
9 |
7 |
32 |
|
1st period
1. Lightning , Tyler Johnson 29 (Rasmus Ristolainen 30, Kris Versteeg 37) at 1:36 (PP)
2. Lightning , Alex Goligoski 10 (Daniel Carcillo 25, Joni Pitkanen 17) at 6:51 (PP)
3. Maple Leafs , Taylor Hall 23 (Patrick Kane 42, Jordan Staal 42) at 8:27 (PP)
Penalties :
Eric Nystrom (Tor) for Roughing (Minor) at 0:36, Kyle Clifford (Tor) for Hooking (Minor) at 6:16, Daniel Carcillo (TB.) for Hooking (Minor) at 8:13, Ben Smith (Tor) for Cross-checking (Minor) at 17:49
2nd period
4. Lightning , Tyler Johnson 30 (Kris Versteeg 38, Henrik Zetterberg 42) at 0:14
5. Lightning , Rasmus Ristolainen 17 (Kris Versteeg 39) at 17:35 (PP)
Penalties :
Patrick Kane (Tor) for Hooking (Minor) at 0:38, Kris Versteeg (TB.) for Roughing (Minor) at 3:33, Eric Nystrom (Tor) for Hooking (Minor) at 6:19, Joni Pitkanen (TB.) for Hooking (Minor) at 7:42, Brayden Schenn (Tor) for Roughing (Minor) at 16:54
3rd period
6. Maple Leafs , Jordan Staal 23 (Taylor Hall 35) at 0:10
7. Maple Leafs , Nate Thompson 4 (Beau Bennett 7) at 3:00
Penalties :
Braydon Coburn (Tor) for Holding (Minor) at 0:52, Joni Pitkanen (TB.) for Holding (Minor) at 4:01, Beau Bennett (Tor) for Diving (Minor) at 13:35, Braydon Coburn (Tor) for High sticking (Minor) at 13:38, Taylor Hall (Tor) for Hooking (Minor) at 17:58
Goalie Stats
Marc-André Fleury (Tor), 28 saves from 32 shots - (0.875), L, 25-24-8, 60:00 minutes
Jhonas Enroth (TB.), 14 saves from 17 shots - (0.824), W, 6-2-0, 60:00 minutes
Players Stats for Maple Leafs
Player Name G A P +/- PIM S H SB GA TA FO MP PP MP PK MP
------------------------------------------------------------------------------------
Beau Bennett 0 1 1 1 2 1 3 0 1 0 0/0 8:12 0:00 0:03
Ben Smith 0 0 0 0 2 1 0 1 0 0 0/0 12:30 2:11 0:00
Blake Comeau 0 0 0 0 0 0 1 0 1 0 2/2 12:18 0:13 3:47
Brayden Schenn 0 0 0 0 2 0 1 1 0 0 6/13 16:23 2:11 3:23
Braydon Coburn 0 0 0 1 4 0 1 1 0 1 0/0 27:55 3:40 6:29
Eric Nystrom 0 0 0 0 4 1 1 0 0 0 0/0 14:46 2:35 1:45
Hampus Lindholm 0 0 0 0 0 0 0 1 0 0 0/0 11:53 0:00 2:23
Jake Guentzel 0 0 0 1 0 0 0 0 0 0 0/1 8:33 0:00 0:32
John Klingberg 0 0 0 0 0 0 1 1 0 1 0/0 19:47 1:55 4:44
Jordan Staal 1 1 2 0 0 2 0 0 0 0 12/24 18:55 2:07 2:19
Kevin Shattenkirk 0 0 0 0 0 4 4 2 2 3 0/0 30:10 3:40 8:56
Kyle Clifford 0 0 0 0 2 1 0 0 0 0 0/0 4:48 0:00 0:21
Marc-Édouard Vlasic 0 0 0 0 0 1 1 0 0 0 0/0 19:54 1:55 4:41
Mika Zibanejad 0 0 0 0 0 0 0 0 0 0 3/6 9:17 1:06 0:00
Nate Thompson 1 0 1 1 0 2 0 0 0 0 2/3 8:01 0:00 0:00
Patrick Kane 0 1 1 0 2 1 2 0 1 1 10/17 25:22 3:11 6:43
Ryan Parent 0 0 0 1 0 0 0 0 0 1 0/0 9:29 0:00 0:00
Taylor Hall 1 1 2 0 2 3 1 1 1 0 1/2 25:28 3:11 6:25
Players Stats for Lightning
Player Name G A P +/- PIM S H SB GA TA FO MP PP MP PK MP
------------------------------------------------------------------------------------
Alex Goligoski 1 0 1 0 0 2 2 0 1 2 0/0 27:40 8:55 3:23
Ben Lovejoy 0 0 0 0 0 1 0 1 0 0 0/0 14:22 0:00 2:40
Daniel Carcillo 0 1 1 0 2 4 1 0 1 1 0/0 19:14 6:02 2:10
Darren Helm 0 0 0 0 0 0 0 0 0 0 0/0 5:39 0:00 0:23
Henrik Zetterberg 0 1 1 -1 0 2 0 0 0 0 0/0 23:44 7:24 2:36
Jaden Schwartz 0 0 0 0 0 3 0 1 2 0 0/1 12:47 0:00 1:46
Jean-Gabriel Pageau 0 0 0 0 0 0 0 0 0 0 10/18 18:11 6:02 0:57
Jon Merrill 0 0 0 0 0 0 1 0 0 0 0/0 16:39 0:00 2:55
Joni Pitkanen 0 1 1 0 4 2 0 1 0 0 0/0 25:15 8:54 0:57
Justin Schultz 0 0 0 -1 0 0 0 1 0 1 0/0 17:07 4:42 0:00
Kris Versteeg 0 3 3 -1 2 4 2 1 1 0 4/9 25:48 7:27 1:59
Mark Scheifele 0 0 0 0 0 2 0 1 0 0 4/7 12:16 0:11 0:25
Mikael Backlund 0 0 0 0 0 0 0 0 0 0 0/0 0:30 0:00 0:00
Patrick Kaleta 0 0 0 0 0 3 2 0 0 2 0/0 16:53 6:02 0:00
Rasmus Ristolainen 1 1 2 -1 0 3 1 0 1 0 0/0 19:03 4:42 1:15
Reilly Smith 0 0 0 0 0 1 2 0 1 0 0/0 11:37 0:08 0:00
Scottie Upshall 0 0 0 0 0 0 0 0 0 0 0/0 5:22 0:00 0:00
Tyler Johnson 2 0 2 -1 0 5 0 0 0 0 14/33 21:38 7:35 0:54
3 Stars
1 - Tyler Johnson (TB.)
2 - Rasmus Ristolainen (TB.)
3 - Jordan Staal (Tor)
Power Play
Maple Leafs - 1 on 4 Attempt(s) - 25.00%
Lightning - 3 on 10 Attempt(s) - 30.00%
Penalty Kill
Maple Leafs - 7 on 10 Attempt(s) - 70.00%
- Score 0 goal in Penalty Kill
Lightning - 3 on 4 Attempt(s) - 75.00%
- Score 0 goal in Penalty Kill
Team Stat
Maple Leafs - Hits : 16 - Faceoff Wins : 36 - Blocked Shots : 8 - Penalty Minutes : 20
Lightning - Hits : 11 - Faceoff Wins : 32 - Blocked Shots : 6 - Penalty Minutes : 8
Official
Referees : Unknown
Linesman : Unknown
Game Notes
1:36 of 1st period - Lightning goal is going for a video replay. After video review, Goal.
Kyle Clifford is injured at 1:23 of 2nd period (Bruised Right Leg)
Finance
Level 1 -- Attendance: 5094 (84.90%) -- Ticket Income $585,810
Level 2 -- Attendance: 5000 (100.00%) -- Ticket Income $320,000
Level 3 -- Attendance: 1529 (76.45%) -- Ticket Income $67,276
Level 4 -- Attendance: 2524 (63.10%) -- Ticket Income $100,960
Luxury Box -- Attendance: 756 (75.60%) -- Ticket Income $162,540
Game was played at the Tampa Bay Stadium.
Total Attendance: 14903 (82.79%)
Total Ticket Income: $1,236,586
Other Income: $185,488
Total Income: $1,422,074
Maple Leafs
5 vs 5 Forward
Center Left Wing Right Wing Time % Phy DF OF
1 Jordan Staal Taylor Hall Patrick Kane 40 1 2 2
2 Brayden Schenn Kyle Clifford Ben Smith 30 1 2 2
3 Mika Zibanejad Eric Nystrom Blake Comeau 20 1 2 2
4 Nate Thompson Jake Guentzel Beau Bennett 10 1 2 2
5 vs 5 Defense
Defense Defense Time % Phy DF OF
1 Kevin Shattenkirk Braydon Coburn 40 1 2 2
2 John Klingberg Marc-Édouard Vlasic 30 1 2 2
3 Ryan Parent Hampus Lindholm 20 1 2 2
4 Kevin Shattenkirk Braydon Coburn 10 1 2 2
PowerPlay Forward
Center Left Wing Right Wing Time % Phy DF OF
1 Jordan Staal Taylor Hall Patrick Kane 60 1 2 2
2 Brayden Schenn Kyle Clifford Ben Smith 40 1 2 2
PowerPlay Defense
Defense Defense Time % Phy DF OF
1 Kevin Shattenkirk Braydon Coburn 60 1 2 2
2 John Klingberg Marc-Édouard Vlasic 40 1 2 2
Penalty Kill 4 Players Forward
Center Wing Time % Phy DF OF
1 Patrick Kane Taylor Hall 60 1 2 2
2 Jordan Staal Brayden Schenn 40 1 2 2
Penalty Kill 4 Players Defense
Defense Defense Time % Phy DF OF
1 Kevin Shattenkirk Braydon Coburn 60 1 2 2
2 John Klingberg Marc-Édouard Vlasic 40 1 2 2
Penalty Kill - 3 Players Forward
Forward Time % Phy DF OF
1 Patrick Kane 60 1 2 2
2 Taylor Hall 40 1 2 2
Penalty Kill - 3 Players Defense
Defense Defense Time % Phy DF OF
1 Kevin Shattenkirk Braydon Coburn 60 1 2 2
2 John Klingberg Marc-Édouard Vlasic 40 1 2 2
4 vs 4 Forward
Center Wing Time % Phy DF OF
1 Patrick Kane Taylor Hall 60 1 2 2
2 Jordan Staal Brayden Schenn 40 1 2 2
4 vs 4 Defense
Defense Defense Time % Phy DF OF
1 Kevin Shattenkirk Braydon Coburn 60 1 2 2
2 John Klingberg Marc-Édouard Vlasic 40 1 2 2
Last Minutes Offensive
Center Left Wing Right Wing Defense Defense
Jordan Staal Taylor Hall Patrick Kane Kevin Shattenkirk Braydon Coburn
Last Minutes Defensive
Center Left Wing Right Wing Defense Defense
Jordan Staal Taylor Hall Patrick Kane Kevin Shattenkirk Braydon Coburn
Goaltenders
Starting : Marc-André Fleury
Backup : Tyler Weiman
Extra Forwards
Normal : Eric Nystrom, Mika Zibanejad, Blake Comeau - PP : Eric Nystrom, Mika Zibanejad - PK : Blake Comeau
Extra Defensemen
Normal : Ryan Parent, Hampus Lindholm, John Klingberg - PP : Ryan Parent - PK : Hampus Lindholm, John Klingberg
Penalty Shots
Patrick Kane, Taylor Hall, Jordan Staal, Brayden Schenn, Kyle Clifford
Scratches
None
Lightning
5 vs 5 Forward
Center Left Wing Right Wing Time % Phy DF OF
1 Tyler Johnson Henrik Zetterberg Kris Versteeg 40 1 2 2
2 Jean-Gabriel Pageau Daniel Carcillo Patrick Kaleta 30 1 2 2
3 Mark Scheifele Jaden Schwartz Reilly Smith 20 1 2 2
4 Kris Versteeg Darren Helm Scottie Upshall 10 1 2 2
5 vs 5 Defense
Defense Defense Time % Phy DF OF
1 Alex Goligoski Joni Pitkanen 35 1 2 2
2 Ben Lovejoy Justin Schultz 30 1 2 2
3 Jon Merrill Rasmus Ristolainen 30 1 2 2
4 Rasmus Ristolainen Joni Pitkanen 5 1 2 2
PowerPlay Forward
Center Left Wing Right Wing Time % Phy DF OF
1 Tyler Johnson Henrik Zetterberg Kris Versteeg 60 1 2 2
2 Jean-Gabriel Pageau Daniel Carcillo Patrick Kaleta 40 1 2 2
PowerPlay Defense
Defense Defense Time % Phy DF OF
1 Alex Goligoski Joni Pitkanen 60 1 2 2
2 Justin Schultz Rasmus Ristolainen 40 1 2 2
Penalty Kill 4 Players Forward
Center Wing Time % Phy DF OF
1 Kris Versteeg Henrik Zetterberg 60 1 2 2
2 Tyler Johnson Daniel Carcillo 40 1 2 2
Penalty Kill 4 Players Defense
Defense Defense Time % Phy DF OF
1 Alex Goligoski Jon Merrill 60 1 2 2
2 Ben Lovejoy Joni Pitkanen 40 1 2 2
Penalty Kill - 3 Players Forward
Forward Time % Phy DF OF
1 Kris Versteeg 60 1 2 2
2 Henrik Zetterberg 40 1 2 2
Penalty Kill - 3 Players Defense
Defense Defense Time % Phy DF OF
1 Alex Goligoski Jon Merrill 60 1 2 2
2 Justin Schultz Joni Pitkanen 40 1 2 2
4 vs 4 Forward
Center Wing Time % Phy DF OF
1 Kris Versteeg Henrik Zetterberg 60 1 2 2
2 Tyler Johnson Daniel Carcillo 40 1 2 2
4 vs 4 Defense
Defense Defense Time % Phy DF OF
1 Alex Goligoski Joni Pitkanen 60 1 2 2
2 Ben Lovejoy Justin Schultz 40 1 2 2
Last Minutes Offensive
Center Left Wing Right Wing Defense Defense
Tyler Johnson Henrik Zetterberg Kris Versteeg Alex Goligoski Rasmus Ristolainen
Last Minutes Defensive
Center Left Wing Right Wing Defense Defense
Tyler Johnson Henrik Zetterberg Kris Versteeg Alex Goligoski Jon Merrill
Goaltenders
Starting : Jhonas Enroth
Backup : Philipp Grubauer
Extra Forwards
Normal : Mark Scheifele, Reilly Smith, Jaden Schwartz - PP : Mark Scheifele, Reilly Smith - PK : Jaden Schwartz
Extra Defensemen
Normal : Jon Merrill, Rasmus Ristolainen, Alex Goligoski - PP : Jon Merrill - PK : Ben Lovejoy, Rasmus Ristolainen
Penalty Shots
Kris Versteeg, Henrik Zetterberg, Tyler Johnson, Daniel Carcillo, Jean-Gabriel Pageau
Scratches
Brendan Bell (Healthy), Jesper Fast (Healthy)
% Time on Ice - Maple Leafs
Lines # - Real PCT - Wanted PCT - Time Play
Normal Forward
1 - 38% - 40% - 15:08
2 - 26% - 30% - 10:20
3 - 17% - 20% - 6:46
4 - 20% - 10% - 7:58
Normal Defense
1 - 42% - 40% - 16:41
2 - 34% - 30% - 13:35
3 - 23% - 20% - 9:20
4 - 1% - 10% - 0:36
PP Forward
1 - 57% - 60% - 3:11
2 - 43% - 40% - 2:24
PP Defense
1 - 66% - 60% - 3:40
2 - 34% - 40% - 1:55
PK Forward
1 - 80% - 60% - 9:22
2 - 20% - 40% - 2:19
PK Defense
1 - 67% - 60% - 7:47
2 - 33% - 40% - 3:54
PK3 Forward
1 - 82% - 60% - 1:35
2 - 18% - 40% - 0:21
PK3 Defense
1 - 82% - 60% - 1:35
2 - 18% - 40% - 0:21
44 Forward
1 - 100% - 60% - 0:36
2 - 0% - 40% - 0:00
44 Defense
1 - 100% - 60% - 0:36
2 - 0% - 40% - 0:00
Last Minute Offensive - 0:00
Last Minute Defensive - 0:00
Total
Forward - 60:00
Defense - 60:00
|
% Time on Ice - Lightning
Lines # - Real PCT - Wanted PCT - Time Play
Normal Forward
1 - 33% - 40% - 13:20
2 - 27% - 30% - 10:44
3 - 27% - 20% - 10:56
4 - 13% - 10% - 5:11
Normal Defense
1 - 37% - 35% - 15:00
2 - 30% - 30% - 12:15
3 - 31% - 30% - 12:20
4 - 1% - 5% - 0:36
PP Forward
1 - 56% - 60% - 7:35
2 - 44% - 40% - 6:02
PP Defense
1 - 65% - 60% - 8:55
2 - 35% - 40% - 4:42
PK Forward
1 - 84% - 60% - 4:41
2 - 16% - 40% - 0:54
PK Defense
1 - 52% - 60% - 2:55
2 - 48% - 40% - 2:40
PK3 Forward
1 - 0% - 60%
2 - 0% - 40%
PK3 Defense
1 - 0% - 60%
2 - 0% - 40%
44 Forward
1 - 100% - 60% - 0:36
2 - 0% - 40% - 0:00
44 Defense
1 - 100% - 60% - 0:36
2 - 0% - 40% - 0:00
Last Minute Offensive - 0:00
Last Minute Defensive - 0:01
Total
Forward - 60:00
Defense - 60:00
|
Play-by-Play
1st period
0:01 of 1st period - Tyler Johnson wins face-off versus Jordan Staal in neutral zone.
0:11 of 1st period - Off-side.
0:12 of 1st period - Brayden Schenn wins face-off versus Jean-Gabriel Pageau in neutral zone.
0:15 of 1st period - Slapshot by Marc-Édouard Vlasic.
0:15 of 1st period - Stopped by Jhonas Enroth with a rebound.
0:25 of 1st period - Wrist shot by Daniel Carcillo.
0:25 of 1st period - Stopped by Marc-André Fleury without a rebound.
0:26 of 1st period - Mark Scheifele wins face-off versus Mika Zibanejad in Maple Leafs zone.
0:27 of 1st period - Snap shot by Jaden Schwartz.
0:27 of 1st period - Stopped by Marc-André Fleury with a rebound.
0:36 of 1st period - Minor Penalty to Eric Nystrom for Roughing.
0:37 of 1st period - Tyler Johnson wins face-off versus Patrick Kane in Maple Leafs zone.
1:12 of 1st period - Slapshot by Joni Pitkanen.
1:12 of 1st period - Deflect By Daniel Carcillo.
1:12 of 1st period - Shot Blocked by Brayden Schenn.
1:12 of 1st period - Puck is out of play.
1:13 of 1st period - Tyler Johnson wins face-off versus Jordan Staal in Maple Leafs zone.
1:18 of 1st period - Snap shot by Henrik Zetterberg.
1:18 of 1st period - Shot Blocked by John Klingberg.
1:20 of 1st period - Wrist shot by Henrik Zetterberg.
1:20 of 1st period - Stopped by Marc-André Fleury without a rebound.
1:21 of 1st period - Tyler Johnson wins face-off versus Patrick Kane in Maple Leafs zone.
1:34 of 1st period - Slapshot by Rasmus Ristolainen.
1:34 of 1st period - Stopped by Marc-André Fleury with a rebound.
1:36 of 1st period - Wrist shot by Tyler Johnson.
1:36 of 1st period - Lightning goal is going for a video replay.
1:36 of 1st period - The goal is good.
1:36 of 1st period - Goal by Tyler Johnson - Maple Leafs : 0 - Lightning : 1.
1:37 of 1st period - Tyler Johnson wins face-off versus Jordan Staal in neutral zone.
1:42 of 1st period - Slapshot by Joni Pitkanen.
1:42 of 1st period - Shot Blocked by Braydon Coburn.
1:44 of 1st period - Snap shot by Henrik Zetterberg.
1:44 of 1st period - Deflect By Tyler Johnson.
1:44 of 1st period - Stopped by Marc-André Fleury with a rebound.
1:46 of 1st period - Snap shot by Tyler Johnson.
1:46 of 1st period - Stopped by Marc-André Fleury without a rebound.
1:47 of 1st period - Jordan Staal wins face-off versus Tyler Johnson in Maple Leafs zone.
1:52 of 1st period - Wrist shot by Kris Versteeg.
1:52 of 1st period - Shot Blocked by Kevin Shattenkirk.
1:56 of 1st period - Snap shot by Kris Versteeg.
1:56 of 1st period - Shot Misses the Net.
2:16 of 1st period - Snap shot by Kris Versteeg.
2:16 of 1st period - Stopped by Marc-André Fleury with a rebound.
2:18 of 1st period - Slapshot by Joni Pitkanen.
2:18 of 1st period - Stopped by Marc-André Fleury without a rebound.
2:19 of 1st period - Jean-Gabriel Pageau wins face-off versus Brayden Schenn in Maple Leafs zone.
2:20 of 1st period - Wrist shot by Daniel Carcillo.
2:20 of 1st period - Shot Misses the Net.
3:07 of 1st period - Slapshot by Jake Guentzel.
3:07 of 1st period - Shot Misses the Net.
3:09 of 1st period - Snap shot by Nate Thompson.
3:09 of 1st period - Stopped by Jhonas Enroth with a rebound.
3:17 of 1st period - Slapshot by Marc-Édouard Vlasic.
3:17 of 1st period - Shot Blocked by Kris Versteeg.
4:31 of 1st period - Off-side.
4:32 of 1st period - Jean-Gabriel Pageau wins face-off versus Jake Guentzel in neutral zone.
5:14 of 1st period - Snap shot by Kyle Clifford.
5:14 of 1st period - Shot Misses the Net.
5:16 of 1st period - Slapshot by Kevin Shattenkirk.
5:16 of 1st period - Stopped by Jhonas Enroth with a rebound.
5:18 of 1st period - Snap shot by Ben Smith.
5:18 of 1st period - Shot Blocked by Jaden Schwartz.
5:20 of 1st period - Slapshot by Kevin Shattenkirk.
5:20 of 1st period - Deflect By Kyle Clifford.
5:20 of 1st period - Stopped by Jhonas Enroth without a rebound.
5:21 of 1st period - Tyler Johnson wins face-off versus Brayden Schenn in Lightning zone.
6:09 of 1st period - Slapshot by Rasmus Ristolainen.
6:09 of 1st period - Stopped by Marc-André Fleury with a rebound.
6:11 of 1st period - Slapshot by Rasmus Ristolainen.
6:11 of 1st period - Shot Misses the Net.
6:16 of 1st period - Minor Penalty to Kyle Clifford for Hooking.
6:17 of 1st period - Jean-Gabriel Pageau wins face-off versus Patrick Kane in Maple Leafs zone.
6:23 of 1st period - Wrist shot by Daniel Carcillo.
6:23 of 1st period - Stopped by Marc-André Fleury with a rebound.
6:25 of 1st period - Slapshot by Daniel Carcillo.
6:25 of 1st period - Deflect By Patrick Kaleta.
6:25 of 1st period - Shot Blocked by Taylor Hall.
6:25 of 1st period - Puck is out of play.
6:26 of 1st period - Jean-Gabriel Pageau wins face-off versus Patrick Kane in Maple Leafs zone.
6:45 of 1st period - Wrist shot by Daniel Carcillo.
6:45 of 1st period - Stopped by Marc-André Fleury with a rebound.
6:49 of 1st period - Slapshot by Daniel Carcillo.
6:49 of 1st period - Shot Misses the Net.
6:51 of 1st period - Snap shot by Alex Goligoski.
6:51 of 1st period - Goal by Alex Goligoski - Maple Leafs : 0 - Lightning : 2.
6:52 of 1st period - Jordan Staal wins face-off versus Jean-Gabriel Pageau in neutral zone.
6:54 of 1st period - Off-side.
6:55 of 1st period - Jean-Gabriel Pageau wins face-off versus Jordan Staal in neutral zone.
7:14 of 1st period - Daniel Carcillo is hit by Kevin Shattenkirk and loses puck.
7:22 of 1st period - Icing by Daniel Carcillo.
7:23 of 1st period - Mika Zibanejad wins face-off versus Jean-Gabriel Pageau in Lightning zone.
8:13 of 1st period - Minor Penalty to Daniel Carcillo for Hooking.
8:14 of 1st period - Taylor Hall wins face-off versus Kris Versteeg in Lightning zone.
8:27 of 1st period - Snap shot by Taylor Hall.
8:27 of 1st period - Goal by Taylor Hall - Maple Leafs : 1 - Lightning : 2.
8:28 of 1st period - Tyler Johnson wins face-off versus Jordan Staal in neutral zone.
8:37 of 1st period - Wrist shot by Kris Versteeg.
8:37 of 1st period - Stopped by Marc-André Fleury with a rebound.
8:46 of 1st period - Icing by Jordan Staal.
8:47 of 1st period - Jordan Staal wins face-off versus Mark Scheifele in Maple Leafs zone.
9:08 of 1st period - Snap shot by Jordan Staal.
9:08 of 1st period - Stopped by Jhonas Enroth with a rebound.
9:32 of 1st period - Slapshot by Taylor Hall.
9:32 of 1st period - Shot Blocked by Ben Lovejoy.
11:36 of 1st period - Snap shot by Reilly Smith.
11:36 of 1st period - Stopped by Marc-André Fleury without a rebound.
11:37 of 1st period - Brayden Schenn wins face-off versus Tyler Johnson in Maple Leafs zone.
12:02 of 1st period - Eric Nystrom is hit by Daniel Carcillo and loses puck.
12:07 of 1st period - Slapshot by Joni Pitkanen.
12:07 of 1st period - Stopped by Marc-André Fleury without a rebound.
12:08 of 1st period - Jean-Gabriel Pageau wins face-off versus Brayden Schenn in Maple Leafs zone.
12:09 of 1st period - Snap shot by Daniel Carcillo.
12:09 of 1st period - Shot Misses the Net.
13:16 of 1st period - Snap shot by Brayden Schenn.
13:16 of 1st period - Shot Misses the Net.
14:08 of 1st period - Scottie Upshall is hit by John Klingberg and loses puck.
17:49 of 1st period - Minor Penalty to Ben Smith for Cross-checking.
17:50 of 1st period - Tyler Johnson wins face-off versus Patrick Kane in Maple Leafs zone.
19:00 of 1st period - Slapshot by Kyle Clifford.
19:00 of 1st period - Shot Misses the Net.
19:49 of 1st period - Penalty to Ben Smith is over, Ben Smith is back on ice.
19:59 of 1st period - Snap shot by Taylor Hall.
19:59 of 1st period - Shot Blocked by Joni Pitkanen.
Goals for this period are 1 for Maple Leafs vs 2 for Lightning .
Shots for this period are 6 for Maple Leafs vs 16 for Lightning .
2nd period
0:01 of 2nd period - Tyler Johnson wins face-off versus Taylor Hall in neutral zone.
0:14 of 2nd period - Snap shot by Tyler Johnson.
0:14 of 2nd period - Goal by Tyler Johnson - Maple Leafs : 1 - Lightning : 3.
0:15 of 2nd period - Tyler Johnson wins face-off versus Jordan Staal in neutral zone.
0:22 of 2nd period - Snap shot by Henrik Zetterberg.
0:22 of 2nd period - Shot Hit the Post.
0:24 of 2nd period - Wrist shot by Kris Versteeg.
0:24 of 2nd period - Shot Misses the Net.
0:26 of 2nd period - Snap shot by Tyler Johnson.
0:26 of 2nd period - Shot Misses the Net.
0:38 of 2nd period - Minor Penalty to Patrick Kane for Hooking.
0:39 of 2nd period - Blake Comeau wins face-off versus Tyler Johnson in Maple Leafs zone.
0:54 of 2nd period - Kris Versteeg is hit by Braydon Coburn and loses puck.
1:22 of 2nd period - Kyle Clifford is hit by Kris Versteeg and loses puck.
1:23 of 2nd period - Kyle Clifford from Maple Leafs is injured at 1:23 of 2nd period (Bruised Right Leg).
1:24 of 2nd period - Blake Comeau wins face-off versus Tyler Johnson in Maple Leafs zone.
2:14 of 2nd period - John Klingberg is hit by Kris Versteeg and loses puck.
2:38 of 2nd period - Penalty to Patrick Kane is over, Patrick Kane is back on ice.
2:56 of 2nd period - Snap shot by Mark Scheifele.
2:56 of 2nd period - Stopped by Marc-André Fleury with a rebound.
2:58 of 2nd period - Slapshot by Mark Scheifele.
2:58 of 2nd period - Shot Misses the Net.
3:00 of 2nd period - Slapshot by Alex Goligoski.
3:00 of 2nd period - Shot Misses the Net.
3:02 of 2nd period - Backhand shot by Alex Goligoski.
3:02 of 2nd period - Stopped by Marc-André Fleury with a rebound.
3:11 of 2nd period - Off-side.
3:12 of 2nd period - Nate Thompson wins face-off versus Kris Versteeg in neutral zone.
3:19 of 2nd period - Snap shot by Kevin Shattenkirk.
3:19 of 2nd period - Deflect By Rasmus Ristolainen.
3:19 of 2nd period - Stopped by Jhonas Enroth without a rebound.
3:20 of 2nd period - Mika Zibanejad wins face-off versus Tyler Johnson in Lightning zone.
3:29 of 2nd period - Slapshot by Kevin Shattenkirk.
3:29 of 2nd period - Stopped by Jhonas Enroth without a rebound.
3:30 of 2nd period - Tyler Johnson wins face-off versus Mika Zibanejad in Lightning zone.
3:30 of 2nd period - Tyler Johnson is hit by Blake Comeau.
3:33 of 2nd period - Minor Penalty to Kris Versteeg for Roughing.
3:34 of 2nd period - Jordan Staal wins face-off versus Jaden Schwartz in Lightning zone.
5:33 of 2nd period - Penalty to Kris Versteeg is over, Kris Versteeg is back on ice.
5:41 of 2nd period - Snap shot by Kris Versteeg.
5:41 of 2nd period - Stopped by Marc-André Fleury without a rebound.
5:42 of 2nd period - Kris Versteeg wins face-off versus Nate Thompson in Maple Leafs zone.
6:07 of 2nd period - Mika Zibanejad is hit by Jon Merrill.
6:19 of 2nd period - Minor Penalty to Eric Nystrom for Hooking.
6:20 of 2nd period - Patrick Kane wins face-off versus Kris Versteeg in Maple Leafs zone.
6:28 of 2nd period - Wrist shot by Tyler Johnson.
6:28 of 2nd period - Stopped by Marc-André Fleury without a rebound.
6:29 of 2nd period - Kris Versteeg wins face-off versus Patrick Kane in Maple Leafs zone.
6:32 of 2nd period - Wrist shot by Tyler Johnson.
6:32 of 2nd period - Deflect By Kris Versteeg.
6:32 of 2nd period - Shot Misses the Net.
6:32 of 2nd period - Puck is out of play.
6:33 of 2nd period - Patrick Kane wins face-off versus Tyler Johnson in Maple Leafs zone.
7:01 of 2nd period - Backhand shot by Daniel Carcillo.
7:01 of 2nd period - Deflect By Jean-Gabriel Pageau.
7:01 of 2nd period - Deflect By Kevin Shattenkirk.
7:01 of 2nd period - Shot Misses the Net.
7:01 of 2nd period - Puck is out of play.
7:02 of 2nd period - Jordan Staal wins face-off versus Jean-Gabriel Pageau in Maple Leafs zone.
7:18 of 2nd period - Off-side.
7:19 of 2nd period - Patrick Kane wins face-off versus Tyler Johnson in neutral zone.
7:42 of 2nd period - Minor Penalty to Joni Pitkanen for Hooking.
7:43 of 2nd period - Kris Versteeg wins face-off versus Patrick Kane in Lightning zone.
7:58 of 2nd period - Wrist shot by Taylor Hall.
7:58 of 2nd period - Stopped by Jhonas Enroth without a rebound.
7:59 of 2nd period - Patrick Kane wins face-off versus Kris Versteeg in Lightning zone.
8:19 of 2nd period - Penalty to Eric Nystrom is over, Eric Nystrom is back on ice.
9:03 of 2nd period - Ben Lovejoy is hit by Kevin Shattenkirk and loses puck.
9:22 of 2nd period - Wrist shot by Eric Nystrom.
9:22 of 2nd period - Stopped by Jhonas Enroth without a rebound.
9:23 of 2nd period - Brayden Schenn wins face-off versus Tyler Johnson in Lightning zone.
9:42 of 2nd period - Penalty to Joni Pitkanen is over, Joni Pitkanen is back on ice.
9:55 of 2nd period - Snap shot by John Klingberg.
9:55 of 2nd period - Shot Misses the Net.
9:57 of 2nd period - Snap shot by Jake Guentzel.
9:57 of 2nd period - Deflect By Beau Bennett.
9:57 of 2nd period - Stopped by Jhonas Enroth without a rebound.
9:58 of 2nd period - Mark Scheifele wins face-off versus Brayden Schenn in Lightning zone.
10:03 of 2nd period - Snap shot by Ben Smith.
10:03 of 2nd period - Shot Misses the Net.
10:11 of 2nd period - Wrist shot by Ben Smith.
10:11 of 2nd period - Shot Misses the Net.
10:13 of 2nd period - Slapshot by Hampus Lindholm.
10:13 of 2nd period - Shot Blocked by Mark Scheifele.
10:23 of 2nd period - Patrick Kaleta is hit by Beau Bennett and loses puck.
11:19 of 2nd period - Wrist shot by Taylor Hall.
11:19 of 2nd period - Shot Misses the Net.
11:29 of 2nd period - Jake Guentzel is hit by Alex Goligoski and loses puck.
13:04 of 2nd period - Jordan Staal is hit by Reilly Smith and loses puck.
13:17 of 2nd period - Kris Versteeg is hit by Kevin Shattenkirk and loses puck.
13:30 of 2nd period - Justin Schultz is hit by Beau Bennett and loses puck.
14:20 of 2nd period - Snap shot by Beau Bennett.
14:20 of 2nd period - Shot Misses the Net.
15:46 of 2nd period - Wrist shot by Beau Bennett.
15:46 of 2nd period - Shot Blocked by Justin Schultz.
16:02 of 2nd period - Mark Scheifele is hit by Taylor Hall.
16:51 of 2nd period - Icing by Rasmus Ristolainen.
16:52 of 2nd period - Brayden Schenn wins face-off versus Tyler Johnson in Lightning zone.
16:54 of 2nd period - Minor Penalty to Brayden Schenn for Roughing.
16:55 of 2nd period - Patrick Kane wins face-off versus Jean-Gabriel Pageau in Maple Leafs zone.
17:27 of 2nd period - Icing by Justin Schultz.
17:28 of 2nd period - Jordan Staal wins face-off versus Tyler Johnson in Lightning zone.
17:35 of 2nd period - Slapshot by Rasmus Ristolainen.
17:35 of 2nd period - Goal by Rasmus Ristolainen - Maple Leafs : 1 - Lightning : 4.
17:36 of 2nd period - Jordan Staal wins face-off versus Tyler Johnson in neutral zone.
17:43 of 2nd period - Wrist shot by Taylor Hall.
17:43 of 2nd period - Stopped by Jhonas Enroth with a rebound.
17:45 of 2nd period - Snap shot by Jordan Staal.
17:45 of 2nd period - Shot Misses the Net.
17:47 of 2nd period - Slapshot by Kevin Shattenkirk.
17:47 of 2nd period - Stopped by Jhonas Enroth without a rebound.
17:48 of 2nd period - Jordan Staal wins face-off versus Tyler Johnson in Lightning zone.
18:12 of 2nd period - Icing by Joni Pitkanen.
18:13 of 2nd period - Jean-Gabriel Pageau wins face-off versus Brayden Schenn in Lightning zone.
18:28 of 2nd period - Patrick Kaleta is hit by Marc-Édouard Vlasic.
19:07 of 2nd period - Slapshot by Kevin Shattenkirk.
19:07 of 2nd period - Shot Misses the Net.
19:09 of 2nd period - Wrist shot by Jake Guentzel.
19:09 of 2nd period - Shot Misses the Net.
19:28 of 2nd period - Brayden Schenn is hit by Patrick Kaleta and loses puck.
19:32 of 2nd period - Icing by Kevin Shattenkirk.
19:33 of 2nd period - Jean-Gabriel Pageau wins face-off versus Brayden Schenn in Maple Leafs zone.
19:42 of 2nd period - Snap shot by Patrick Kaleta.
19:42 of 2nd period - Stopped by Marc-André Fleury without a rebound.
19:43 of 2nd period - Jean-Gabriel Pageau wins face-off versus Jordan Staal in Maple Leafs zone.
19:44 of 2nd period - Snap shot by Daniel Carcillo.
19:44 of 2nd period - Stopped by Marc-André Fleury with a rebound.
19:46 of 2nd period - Wrist shot by Patrick Kaleta.
19:46 of 2nd period - Stopped by Marc-André Fleury without a rebound.
19:47 of 2nd period - Tyler Johnson wins face-off versus Jordan Staal in Maple Leafs zone.
Goals for this period are 0 for Maple Leafs vs 2 for Lightning .
Shots for this period are 7 for Maple Leafs vs 9 for Lightning .
3rd period
0:01 of 3rd period - Jordan Staal wins face-off versus Tyler Johnson in neutral zone.
0:08 of 3rd period - Wrist shot by Taylor Hall.
0:08 of 3rd period - Shot Misses the Net.
0:10 of 3rd period - Slapshot by Jordan Staal.
0:10 of 3rd period - Goal by Jordan Staal - Maple Leafs : 2 - Lightning : 4.
0:11 of 3rd period - Tyler Johnson wins face-off versus Jordan Staal in neutral zone.
0:13 of 3rd period - Joni Pitkanen is hit by Patrick Kane.
0:19 of 3rd period - Slapshot by Henrik Zetterberg.
0:19 of 3rd period - Stopped by Marc-André Fleury without a rebound.
0:20 of 3rd period - Tyler Johnson wins face-off versus Jordan Staal in Maple Leafs zone.
0:23 of 3rd period - Slapshot by Henrik Zetterberg.
0:23 of 3rd period - Shot Misses the Net.
0:31 of 3rd period - Snap shot by Henrik Zetterberg.
0:31 of 3rd period - Shot Misses the Net.
0:52 of 3rd period - Minor Penalty to Braydon Coburn for Holding.
0:53 of 3rd period - Patrick Kane wins face-off versus Jean-Gabriel Pageau in Maple Leafs zone.
0:53 of 3rd period - Patrick Kane is hit by Patrick Kaleta.
2:52 of 3rd period - Penalty to Braydon Coburn is over, Braydon Coburn is back on ice.
2:55 of 3rd period - Tyler Johnson is hit by Beau Bennett.
2:56 of 3rd period - Icing by Tyler Johnson.
2:57 of 3rd period - Nate Thompson wins face-off versus Tyler Johnson in Lightning zone.
3:00 of 3rd period - Snap shot by Nate Thompson.
3:00 of 3rd period - Goal by Nate Thompson - Maple Leafs : 3 - Lightning : 4.
3:01 of 3rd period - Jordan Staal wins face-off versus Jean-Gabriel Pageau in neutral zone.
3:40 of 3rd period - Wrist shot by Kris Versteeg.
3:40 of 3rd period - Stopped by Marc-André Fleury without a rebound.
3:41 of 3rd period - Mark Scheifele wins face-off versus Jordan Staal in Maple Leafs zone.
4:01 of 3rd period - Minor Penalty to Joni Pitkanen for Holding.
4:02 of 3rd period - Jordan Staal wins face-off versus Kris Versteeg in Lightning zone.
4:06 of 3rd period - Wrist shot by Patrick Kane.
4:06 of 3rd period - Stopped by Jhonas Enroth with a rebound.
6:01 of 3rd period - Penalty to Joni Pitkanen is over, Joni Pitkanen is back on ice.
6:05 of 3rd period - Jean-Gabriel Pageau is hit by Kevin Shattenkirk and loses puck.
7:06 of 3rd period - Kris Versteeg is hit by Patrick Kane and loses puck.
7:47 of 3rd period - Icing by Kevin Shattenkirk.
7:48 of 3rd period - Jean-Gabriel Pageau wins face-off versus Jordan Staal in Maple Leafs zone.
9:35 of 3rd period - Slapshot by Ben Lovejoy.
9:35 of 3rd period - Deflect By John Klingberg.
9:35 of 3rd period - Stopped by Marc-André Fleury with a rebound.
9:37 of 3rd period - Snap shot by Patrick Kaleta.
9:37 of 3rd period - Stopped by Marc-André Fleury without a rebound.
9:38 of 3rd period - Mika Zibanejad wins face-off versus Tyler Johnson in Maple Leafs zone.
9:42 of 3rd period - Hampus Lindholm is hit by Rasmus Ristolainen and loses puck.
10:03 of 3rd period - Reilly Smith is hit by Brayden Schenn.
11:02 of 3rd period - Hampus Lindholm is hit by Reilly Smith and loses puck.
12:09 of 3rd period - Snap shot by Reilly Smith.
12:09 of 3rd period - Shot Misses the Net.
12:11 of 3rd period - Slapshot by Ben Lovejoy.
12:11 of 3rd period - Shot Blocked by Hampus Lindholm.
13:02 of 3rd period - Icing by Rasmus Ristolainen.
13:03 of 3rd period - Brayden Schenn wins face-off versus Jean-Gabriel Pageau in Lightning zone.
13:28 of 3rd period - Snap shot by Mark Scheifele.
13:28 of 3rd period - Shot Blocked by Kevin Shattenkirk.
13:35 of 3rd period - Minor Penalty to Beau Bennett for Diving.
13:36 of 3rd period - Patrick Kane wins face-off versus Tyler Johnson in Maple Leafs zone.
13:38 of 3rd period - Minor Penalty to Braydon Coburn for High sticking.
13:39 of 3rd period - Patrick Kane wins face-off versus Tyler Johnson in Maple Leafs zone.
13:45 of 3rd period - Wrist shot by Patrick Kane.
13:45 of 3rd period - Shot Misses the Net.
15:35 of 3rd period - Penalty to Beau Bennett is over, Beau Bennett is back on ice.
15:38 of 3rd period - Penalty to Braydon Coburn is over, Braydon Coburn is back on ice.
15:47 of 3rd period - Snap shot by Ben Smith.
15:47 of 3rd period - Stopped by Jhonas Enroth without a rebound.
15:48 of 3rd period - Brayden Schenn wins face-off versus Mark Scheifele in Lightning zone.
16:12 of 3rd period - Wrist shot by Jaden Schwartz.
16:12 of 3rd period - Stopped by Marc-André Fleury without a rebound.
16:13 of 3rd period - Patrick Kane wins face-off versus Tyler Johnson in Maple Leafs zone.
16:53 of 3rd period - Snap shot by Patrick Kane.
16:53 of 3rd period - Shot Misses the Net.
16:58 of 3rd period - Icing by Alex Goligoski.
16:59 of 3rd period - Kris Versteeg wins face-off versus Mika Zibanejad in Lightning zone.
16:59 of 3rd period - Kris Versteeg is hit by Eric Nystrom.
17:23 of 3rd period - Snap shot by Henrik Zetterberg.
17:23 of 3rd period - Deflect By Kevin Shattenkirk.
17:23 of 3rd period - Shot Misses the Net.
17:23 of 3rd period - Puck is out of play.
17:24 of 3rd period - Mark Scheifele wins face-off versus Brayden Schenn in Maple Leafs zone.
17:27 of 3rd period - Wrist shot by Jaden Schwartz.
17:27 of 3rd period - Shot Blocked by Ben Smith.
17:33 of 3rd period - Snap shot by Jaden Schwartz.
17:33 of 3rd period - Stopped by Marc-André Fleury with a rebound.
17:35 of 3rd period - Snap shot by Mark Scheifele.
17:35 of 3rd period - Stopped by Marc-André Fleury without a rebound.
17:36 of 3rd period - Jordan Staal wins face-off versus Mark Scheifele in Maple Leafs zone.
17:36 of 3rd period - Jordan Staal is hit by Alex Goligoski.
17:58 of 3rd period - Minor Penalty to Taylor Hall for Hooking.
17:59 of 3rd period - Patrick Kane wins face-off versus Tyler Johnson in Maple Leafs zone.
19:58 of 3rd period - Penalty to Taylor Hall is over, Taylor Hall is back on ice.
Goals for this period are 2 for Maple Leafs vs 0 for Lightning .
Shots for this period are 4 for Maple Leafs vs 7 for Lightning .
Back to the Top